 Dungeon Crawl Stone Soup version 0.31-a0-182-gc5ef74bbde (webtiles) character file.

Game seed: 3070772046584213986

951 qw the Chopper (level 8, -2/50 HPs)
             Began as a Gargoyle Fighter on June 21, 2023.
             Slain by Duvessa
             ... wielding a +0 short sword
              (6 damage)
             ... on level 5 of the Dungeon.
             The game lasted 00:02:05 (4352 turns).

qw the Chopper (Gargoyle Fighter)                   Turns: 4352, Time: 00:02:05

Health: -2/50      AC: 19    Str: 22    XL:     8   Next: 13%
Magic:  8/8        EV:  8    Int:  9    God:
Gold:   87         SH:  4    Dex:  9    Spells: 7/7 levels left

rFire   + . .        Y - +0 war axe
rCold   . . .        c - +0 buckler
rNeg    + . .        l - +0 chain mail
rPois   inf          m - +0 helmet
rElec   +            (no cloak)
rCorr   .            q - +2 pair of gloves
SInv    .            (no boots)
Will    .....        (no amulet) Stlth
                     k - ring of protection from fire
HPRegen 0.28/turn    (no ring)
MPRegen 0.11/turn

%: no passive effects
@: no status effects
A: sickness immunity, AC +5, negative energy resistance 1, electricity
resistance, torment resistance 1, petrification resistance
a: no special abilities


You were on level 5 of the Dungeon.
You visited 2 branches of the dungeon, and saw 6 of its levels.

You collected 269 gold pieces.
You spent 182 gold pieces at shops.


Innate Abilities, Weirdness & Mutations

You are immune to sickness and miasma.
Your stone body is resilient. (AC +5)
You are immune to poison.
You resist negative energy. (rN+)
You are resistant to electric shocks. (rElec)
You are resistant to unholy torment.
You are immune to petrification.


   Skills:
 - Level 5.4 Fighting
 + Level 7.5 Axes
 - Level 3.2 Armour
 - Level 1.0 Dodging
 - Level 3.2 Shields


You had 7 spell levels left.
You didn't know any spells.
Your spell library was empty.

Inventory:

Hand Weapons
 b - a +2 flail of protection
 Y - a +0 war axe (weapon)
Armour
 c - a +0 buckler (worn)
 e - a +2 scale mail of cold resistance
 l - a +0 chain mail (worn)
 m - a +0 helmet (worn)
 o - +0 fire dragon scales
 q - a +2 pair of gloves (worn)
Jewellery
 k - a ring of protection from fire (left hand)
Scrolls
 a - a scroll of identify
Potions
 d - a potion of might
 f - a potion of lignification
 g - a potion of magic
 i - a potion of heal wounds {unknown}
 j - 4 potions of attraction
 n - a potion of cancellation {unknown}
 p - a potion of berserk rage {unknown}
 t - a potion of haste {unknown}

Dungeon Overview and Level Annotations

Branches:
Dungeon (5/15)             Temple (1/1) D:5

Altars:
Ashenzari
Cheibriados
Elyvilon
Hepliaklqana
Kikubaaqudgha
Nemelex Xobeh
Sif Muna
Trog
Uskayaw
Vehumet
Yredelemnul
The Shining One

Shops:
D:5 ([::

Annotations:
D:5 Dowan, Duvessa


Message History

The gnoll is almost dead.
You miss Dowan. The gnoll barely misses you.
You block the gnoll sergeant's attack.
You closely miss the gnoll.
The gnoll is almost dead.
You hit Duvessa. The gnoll hits you with a +0 flail.
The gnoll sergeant hits you from afar with a +0 spear.
You block the gnoll's attack.
You hit the gnoll.
You kill the gnoll!
You barely miss Dowan. You hit Duvessa but do no damage.
Duvessa hits you with a +0 short sword!
The gnoll hits you from afar with a +0 halberd.
You block the gnoll sergeant's attack. Dowan casts a spell at you.
The puff of frost hits you but does no damage.
You barely miss Duvessa.
Duvessa is lightly wounded.
You barely miss Dowan. You slash the gnoll!
The gnoll hits you with a +1 flail of draining.
The gnoll closely misses you. Duvessa hits you with a +0 short sword.
The gnoll sergeant barely misses you. Dowan hits you with a +0 dagger.
The gnoll sergeant hits you from afar with a +0 spear.
Dowan points at you and mumbles some strange words.
The puff of frost hits you but does no damage.
Duvessa hits you but does no damage.
The gnoll hits you but does no damage. x2
You closely miss the gnoll.
The gnoll is severely wounded.
You slash Dowan! You slash Duvessa! Duvessa hits you with a +0 short sword.
The gnoll hits you from afar with a +0 halberd.
Dowan hits you with a +0 dagger.
The gnoll hits you with a +1 flail of draining.
The gnoll sergeant hits you but does no damage.
You closely miss the gnoll.
The gnoll is severely wounded.
You barely miss Dowan. You barely miss Duvessa.
Duvessa hits you with a +0 short sword.
You die...

...\..# #.#}.}..#
...##.......#####.#
##.# ####### #.#
##.# #.# ##.# #.#
...## #.# .....#
#.# ####.# ##.## #
#@..# ....ggege..#
.....g.....#
...........#
##...##...## #...
##### .... .###


You could see Duvessa, a gnoll sergeant, Dowan and 3 gnolls.

Vanquished Creatures
  Sigmund (D:5)
  Edmund (D:5)
  An ogre (D:5)
  A phantom (D:4)
  A scorpion (D:4)
  2 hounds (D:4)
  An orc priest (D:5)
  A jelly (D:4)
  Jessica (D:2)
  Ijyb (D:3)
  2 iguanas
  An orc wizard (D:3)
  Robin (D:2)
  5 adders
  4 gnolls
  A worm (D:4)
  A dart slug (D:4)
  7 orcs
  6 ball pythons
  4 bats
  8 endoplasms
  A giant cockroach (D:2)
  12 goblins
  6 hobgoblins
  2 jackals (D:4)
  2 quokkas
  6 frilled lizards
  9 kobolds
  4 rats
93 creatures vanquished.

Vanquished Creatures (others)
  An orc wizard (D:3)
1 creature vanquished.

Grand Total: 94 creatures vanquished

Notes
Turn   | Place    | Note
-------+----------+-------------------------------------------
     0 | D:1      | qw the Gargoyle Fighter began the quest for the Orb.
     0 | D:1      | Reached XP level 1. HP: 14/14 MP: 1/1
     0 | D:1      | 0 ||| qw: Version: 0.3-a-9-g12657ce
     0 | D:1      | 0 ||| qw: Game counter: 1515
     0 | D:1      | 0 ||| qw: Always use a shield: true
     0 | D:1      | 0 ||| qw: God list: Okawaru
     0 | D:1      | 0 ||| qw: Allow faded altars: false
     0 | D:1      | 0 ||| qw: Do Orc after D:15 true
     0 | D:1      | 0 ||| qw: Do second Lair branch before Depths: true
     0 | D:1      | 0 ||| qw: Lair rune preference: random
     0 | D:1      | 0 ||| qw: Plans: Normal, Zot:1-4, Slime:5, God:TSO, Crypt,
                  | Tomb, Abyss, Pan, Hells, Win
     0 | D:1      | 0 ||| PLANNING D:1-11
   106 | D:1      | Reached skill level 2 in Axes
   153 | D:1      | Reached XP level 2. HP: 19/19 MP: 2/2
   155 | D:1      | 155 ||| DROPPING +0 club.
   167 | D:1      | 167 ||| DROPPING +0 whip.
   241 | D:1      | 241 ||| Stepping ~*~*~tactically~*~*~ (hiding).
   609 | D:1      | Found a faded altar of an unknown god.
   722 | D:1      | 722 ||| UPGRADING to +0 pair of gloves.
   727 | D:1      | 727 ||| DRINKING 3 bubbling yellow potions.
   728 | D:1      | 728 ||| DROPPING 2 potions of brilliance.
   792 | D:2      | Reached skill level 3 in Axes
   792 | D:2      | Reached XP level 3. HP: 20/23 MP: 3/3
   873 | D:2      | 873 ||| Stepping ~*~*~tactically~*~*~ (stealth).
   963 | D:2      | Noticed Jessica
   970 | D:2      | Killed Jessica
   971 | D:2      | Reached XP level 4. HP: 28/28 MP: 4/4
  1241 | D:2      | Noticed Robin
  1242 | D:2      | 1242 ||| Stepping ~*~*~tactically~*~*~ (hiding).
  1262 | D:2      | Reached skill level 4 in Axes
  1262 | D:2      | Killed Robin
  1560 | D:2      | 1560 ||| UPGRADING to +0 helmet.
  1565 | D:2      | 1565 ||| UPGRADING to ring of protection from fire.
  1566 | D:2      | 1566 ||| READING 3 scrolls labelled QEXIWE KERA.
  1567 | D:2      | 1567 ||| READING scroll labelled OQE BARUGEI.
  1568 | D:2      | 1568 ||| READING 2 scrolls of identify.
  1568 | D:2      | 1568 ||| IDENTIFYING glowing white potion
  1637 | D:3      | 1637 ||| Stepping ~*~*~tactically~*~*~ (stealth).
  1740 | D:3      | 1740 ||| Stepping ~*~*~tactically~*~*~ (stealth).
  1745 | D:3      | 1745 ||| Stepping ~*~*~tactically~*~*~ (stealth).
  1746 | D:3      | 1746 ||| Stepping ~*~*~tactically~*~*~ (stealth).
  1767 | D:3      | Noticed Ijyb
  1768 | D:3      | 1768 ||| Stepping ~*~*~tactically~*~*~ (hiding).
  1780 | D:3      | Paralysed by Ijyb for 4 turns
  1789 | D:3      | Killed Ijyb
  1790 | D:3      | Reached XP level 5. HP: 32/32 MP: 5/5
  2343 | D:3      | Found a shimmering blue altar of Sif Muna.
  2350 | D:3      | 2350 ||| UPGRADING to +0 chain mail.
  2360 | D:3      | Reached skill level 1 in Dodging
  2373 | D:3      | Reached skill level 5 in Axes
  2382 | D:3      | 2382 ||| UPGRADING to +0 scale mail.
  2387 | D:3      | 2387 ||| UPGRADING to +0 chain mail.
  2397 | D:3      | 2397 ||| DROPPING +0 scale mail.
  2398 | D:3      | 2398 ||| DROPPING orb of guile.
  2399 | D:3      | 2399 ||| UPGRADING to +2 pair of gloves.
  2409 | D:3      | 2409 ||| DROPPING +0 pair of gloves.
  2435 | D:3      | 2435 ||| READING 2 scrolls of identify.
  2435 | D:3      | 2435 ||| IDENTIFYING cyan potion
  2564 | D:4      | Reached XP level 6. HP: 27/38 MP: 6/6
  2695 | D:4      | Found a bloodstained altar of Trog.
  3024 | D:4      | 3024 ||| Stepping ~*~*~tactically~*~*~ (hiding).
  3066 | D:4      | 3066 ||| DROPPING +0 mace.
  3067 | D:4      | 3067 ||| DROPPING +1 mace of draining.
  3166 | D:4      | 3166 ||| Stepping ~*~*~tactically~*~*~ (hiding).
  3389 | D:4      | Reached skill level 6 in Axes
  3389 | D:4      | Reached XP level 7. HP: 39/43 MP: 7/7
  3612 | D:4      | 3612 ||| READING scroll labelled MIFOEZ MUFAIZ.
  3713 | D:4      | 3713 ||| READING scroll labelled YWEGORRE YDDUITT.
  3714 | D:4      | 3714 ||| DRINKING 2 brown potions.
  3715 | D:4      | 3715 ||| DRINKING 3 fuming emerald potions.
  3742 | D:5      | Entered Level 5 of the Dungeon
  3748 | D:5      | 3748 ||| STAIRDANCE
  3793 | D:5      | 3793 ||| Stepping ~*~*~tactically~*~*~ (stealth).
  3829 | D:5      | 3829 ||| Stepping ~*~*~tactically~*~*~ (stealth).
  3830 | D:5      | 3830 ||| Stepping ~*~*~tactically~*~*~ (stealth).
  3834 | D:5      | Noticed Edmund
  3849 | D:5      | HP: 10/43 [Edmund/+2 flail of protection (8)]
  3854 | D:5      | Killed Edmund
  3855 | D:5      | Reached skill level 7 in Axes
  3987 | D:5      | 3987 ||| DROPPING +0 flail.
  4002 | D:5      | Found a staircase to the Ecumenical Temple.
  4003 | D:5      | 4003 ||| PLANNING TEMPLE
  4011 | Temple   | Entered the Ecumenical Temple
  4110 | Temple   | 4110 ||| PLANNING D:1-11
  4145 | D:5      | Found Zuxoh's Antique Weapon Emporium.
  4145 | D:5      | Noticed Sigmund
  4146 | D:5      | 4146 ||| DRINKING potion of curing.
  4146 | D:5      | 4146 ||| (to cure confusion)
  4160 | D:5      | Killed Sigmund
  4161 | D:5      | Reached XP level 8. HP: 24/50 MP: 8/8
  4163 | D:5      | 4163 ||| Stepping ~*~*~tactically~*~*~ (stealth).
  4272 | D:5      | Found Rysmewk's Antique Armour Shoppe.
  4288 | D:5      | 4288 ||| SHOPLISTING glowing plate armour (676 gold, have
                  | 249).
  4288 | D:5      | 4288 ||| BUYING glowing scale mail (182 gold).
  4288 | D:5      | Bought a glowing scale mail for 182 gold pieces
  4288 | D:5      | 4288 ||| SHOPLISTING shiny chain mail (195 gold, have 67).
  4310 | D:5      | Found Veferefa's Book Emporium.
  4329 | D:5      | Found Ekahuku's Book Emporium.
  4343 | D:5      | Noticed Dowan
  4344 | D:5      | Noticed Duvessa
  4351 | D:5      | HP: 10/50 [Duvessa/+0 short sword (4)]
  4351 | D:5      | HP: 4/50 [gnoll/+1 flail of draining[a gnoll sergeant] (1)]
  4352 | D:5      | Slain by Duvessa

Levels and vault maps discovered:
D:1:      matt_arrival_spirals, layout_basic,
          hellmonk_ecumenical_altar_crossroads, hangedman_decor_growths,
          minmay_misc_feat_square, corexii_item_surrounded_by_moat
D:2:      layout_basic, minmay_cut_off, uniq_jessica, uniq_robin
D:3:      layout_loops_ring, kennysheep_orc_sif_temple, uniq_ijyb
D:4:      layout_loops_corners, kennysheep_mini_moat
D:5:      layout_loops_ring, minmay_temple_entry_junction, serial_shops, shop,
          shop_fountains, nicolae_shop_tiny_statue_garden, shop_fountains,
          uniq_edmund, uniq_sigmund, uniq_duvessa
Temple:   hellmonk_temple_beads

Skill      XL: |  1  2  3  4  5  6  7 |
---------------+----------------------+-----
Axes           | 2 3 4 5 6 7 |  7.5
Dodging        | 1 |  1.0
Fighting       | 4 5 |  5.4
Armour         | |  3.2
Shields        | |  3.2

Action                     |  1- 3 |  4- 6 |  7- 9 || total
---------------------------+-------+-------+-------++-------
  Melee: War axe           |    67 |   210 |    91 ||   368
    Use: Potion            |     1 |       |     3 ||     4
         Scroll            |       |     4 |     2 ||     6
 Armour: Scale mail        |    34 |    70 |       ||   104
         Skin              |       |     9 |       ||     9
         Chain mail        |       |    54 |    52 ||   106
  Dodge: Dodged            |    35 |    75 |    28 ||   138
  Block: Buckler           |    10 |    42 |    15 ||    67

Table legend:
 A = Non-vault XP
 B = Vault XP
 C = Vault XP percentage of total XP
 D = Non-vault monster count
 E = Vault monster count
 F = Vault count percentage of total count
                 A         B        C        D         E       F
            +---------+---------+-------+---------+---------+-------
      Total |     755 |     604 |  44.4 |      70 |      24 |  25.5
            +---------+---------+-------+---------+---------+-------
        D:1 |      22 |       0 |   0.0 |      13 |       0 |   0.0
        D:2 |      21 |      93 |  81.6 |       7 |      18 |  72.0
        D:3 |      45 |     102 |  69.4 |      15 |       4 |  21.1
        D:4 |     421 |       0 |   0.0 |      25 |       0 |   0.0
        D:5 |     246 |     409 |  62.4 |      10 |       2 |  16.7
            +---------+---------+-------+---------+---------+-------
